 Dungeon Crawl Stone Soup version 0.21-a0-179-gd2bfb5f (webtiles) character file.

105 Ikkuss the Chopper (level 5, -4/42 HPs)
             Began as a Human Wanderer on Aug 10, 2017.
             Slain by a gnoll
             ... wielding a +0 long sword
              (8 damage)
             ... on level 2 of the Dungeon.
             The game lasted 00:06:26 (2724 turns).

Ikkuss the Chopper (Human Wanderer)                 Turns: 2724, Time: 00:06:26

Health: -4/42      AC:  5    Str: 13    XL:     5   Next: 8%
Magic:  5/5        EV: 10    Int: 13    God:
Gold:   144        SH:  0    Dex: 12    Spells: 4/4 levels left

rFire    . . .     SeeInvis .   a - +2 hand axe
rCold    . . .     Gourm    .   (no shield)
rNeg     . . .     Faith    .   p - +0 ring mail
rPois    .         Spirit   .   (no helmet)
rElec    .         Reflect  .   (no cloak)
rCorr    .         Harm     .   (no gloves)
MR       .....                  (no boots)
Stlth    +.........             (no amulet)
HPRegen  0.14/turn              (no ring)
MPRegen  0.09/turn              (no ring)

@: flying
A: no striking features
a: no special abilities


You were on level 2 of the Dungeon.
You were not hungry.

You visited 1 branch of the dungeon, and saw 2 of its levels.

You collected 144 gold pieces.

Inventory:

Hand Weapons
 a - a +2 hand axe (weapon)
 b - a +0 hand crossbow
 f - a +0 dagger
Missiles
 c - 25 bolts
Armour
 p - a +0 ring mail (worn)
Scrolls
 h - 2 scrolls of teleportation
 j - a scroll of identify {unknown}
 n - a scroll of magic mapping {unknown}
Potions
 i - a potion of haste {unknown}
 m - a potion of ambrosia {unknown}
Comestibles
 g - a bread ration
 l - a meat ration
 o - a chunk of flesh
 q - a royal jelly


   Skills:
 * Level 3.7 Fighting
 * Level 4.2 Axes
 - Level 1.0 Armour
 - Level 3.0 Stealth
   Level 1.0 Shields


You had 4 spell levels left.
You didn't know any spells.

Dungeon Overview and Level Annotations

Branches:
Dungeon (2/15)

Altars:
Fedhas


Message History

* * * LOW HITPOINT WARNING * * *
You barely miss the gnoll.
The gnoll is almost dead.
The gnoll barely misses you.
You hit the gnoll but do no damage.
The gnoll is almost dead.
The gnoll closely misses you.
You hit the gnoll but do no damage.
The gnoll is almost dead.
The gnoll barely misses you.
You barely miss the gnoll.
The gnoll is almost dead.
The gnoll closely misses you.
You hit the gnoll but do no damage.
The gnoll is almost dead.
The gnoll closely misses you.
You hit the gnoll but do no damage.
The gnoll is almost dead.
The gnoll hits you with a long sword!
You die...

#.# #.# #... #.#
##.####.##
#>###########.......#
#.##............###.##
#..#.########...###...
##.#..# #.........##
##..##.## #.#######.#
##.#.##..#####.# #.#
#.##...g@....#.# #.##
##.#..#..###...# #...
##.<.#........# #.##
##...........# #.##
##.#.#.####.#########.
#.#...# #...[...##..
#.#...# ###.##..#...
#.#...# ##.##......
#.##..#####......#...


You could see a gnoll.

Vanquished Creatures
  2 gnolls (D:2)
  4 adders (D:2)
  A dart slug (D:1)
  A ball python (D:1)
  A giant cockroach (D:2)
  9 goblins
  6 hobgoblins
  3 jackals (D:1)
  2 quokkas (D:2)
  6 bats
  3 frilled lizards (D:1)
  4 kobolds
  6 rats
48 creatures vanquished.

Notes
Turn   | Place    | Note
-------+----------+-------------------------------------------
     0 | D:1      | Ikkuss the Human Wanderer began the quest for the Orb.
     0 | D:1      | Ikkuss set off with: a +2 hand axe, a +0 hand crossbow, 25 bolts, a potion of curing, a +0 robe, a +0 dagger, a bread ration
     0 | D:1      | Reached XP level 1. HP: 16/16 MP: 1/1
    93 | D:1      | Reached XP level 2. HP: 19/23 MP: 2/2
   379 | D:1      | Reached XP level 3. HP: 19/28 MP: 3/3
  1128 | D:2      | Reached XP level 4. HP: 17/35 MP: 4/4
  1472 | D:2      | Found a blossoming altar of Fedhas.
  1517 | D:2      | Reached skill level 4 in Axes
  2624 | D:2      | Reached XP level 5. HP: 34/42 MP: 5/5
  2713 | D:2      | HP: 1/42 [gnoll/long sword (2)]
  2724 | D:2      | Slain by a gnoll

Vault maps used:
D:1:      moated_graveyard_arrival
D:2:      lemuel_round_altar

Skill      XL: |  1  2  3  4 |
---------------+-------------+-----
Fighting       | 3 |  3.7
Axes           | 4 |  4.2
Armour         | |  1.0
Stealth        | |  3.0
Shields        | |  1.0

Action                   |  1- 3 |  4- 6 || total
-------------------------+-------+-------++-------
Melee: Hand axe          |    82 |    69 ||   151
 Fire: Hand crossbow     |     1 |     7 ||     8
  Use: Scroll            |     3 |       ||     3
       Potion            |       |     3 ||     3
 Stab: Sleeping          |     3 |     2 ||     5
  Eat: Chunk             |     1 |     3 ||     4
       Fruit             |       |     2 ||     2
Armor: Robe              |     9 |     2 ||    11
       Ring mail         |       |     4 ||     4
Dodge: Dodged            |    42 |    36 ||    78
